 Dungeon Crawl Stone Soup version 0.28-a0-723-g095bd1b44f (webtiles) character file.

Game seed: 17820466758738848862

30 ytrimaz the Grave Robber (level 3, 0/24 HPs)
             Began as a Demonspawn Necromancer on Oct 25, 2021.
             Succumbed to an adder's poison
             ... on level 2 of the Dungeon.
             The game lasted 00:01:45 (2077 turns).

ytrimaz the Grave Robber (Demonspawn Necromancer)   Turns: 2077, Time: 00:01:46

Health: 0/24       AC:  2    Str:  8    XL:     3   Next: 3%
Magic:  0/6        EV: 12    Int: 19    God:
Gold:   36         SH:  0    Dex: 13    Spells: 5/6 levels left

rFire   . . .      SeeInvis .   d - +0 dagger
rCold   . . .      Faith    .   (no shield)
rNeg    . . .      Spirit   .   a - +0 robe
rPois   .          Reflect  .   (no helmet)
rElec   .          Harm     .   (no cloak)
rCorr   .          Rampage  .   (no gloves)
Will    .....                   (no boots)
Stlth   ++........              (no amulet)
HPRegen 0.08/turn               (no ring)
MPRegen 0.10/turn               (no ring)

@: lethally poisoned (0 -> -3)
A: big brain 1
a: no special abilities


You were on level 2 of the Dungeon.
You visited 1 branch of the dungeon, and saw 2 of its levels.

You collected 36 gold pieces.

Inventory:

Hand Weapons
 d - a +0 dagger (weapon)
Armour
 a - a +0 robe (worn)


   Skills:
 - Level 1.7 Dodging
 - Level 1.7 Stealth
 + Level 2.3 Spellcasting
 * Level 5.2 Necromancy


You had 5 spell levels left.
You knew the following spells:

 Your Spells              Type           Power      Damage    Failure   Level
a - Pain                  Necr           88%        1d8       1%          1

Your spell library contained the following spells:

 Spells                   Type           Power      Damage    Failure   Level
 Animate Skeleton         Necr           44%        N/A       1%          1
 Vampiric Draining        Necr           11%        2d7       5%          3
 Animate Dead             Necr           11%        N/A       19%         4
 Agony                    Necr           22%        N/A       45%         5


Dungeon Overview and Level Annotations

Branches:
Dungeon (2/15)

Altars:


Innate Abilities, Weirdness & Mutations

You have an unusually large brain. (Int +2)


Message History

The adder bites you but does no damage.
You are too depleted to draw on your mana recklessly!
The adder bites you.
You are poisoned.
The adder poisons you!
A kobold comes into view. It is wielding a +0 short sword.
You feel sick.
The kobold shouts!
You feel sick.
You feel sick. The adder bites you.
A rat comes into view.
You feel sick. The kobold hits you but does no damage.
You are too injured to fight recklessly!
There are monsters nearby!
Casting: Pain (safe; 1% risk of failure)
Confirm with . or Enter, or press ? or * to list all spells.
Aiming: Pain (safe; 1% risk of failure)
Press: ? - help, Shift-Dir - straight line, f/p - adder
Aim: an adder (heavily wounded, chance to affect: 87%)
The adder writhes in agony.
You feel sick.
You are no longer poisoned.
The adder completely misses you.
The kobold hits you with a +0 short sword.
* * * LOW HITPOINT WARNING * * *
You closely miss the adder.
The adder is severely wounded.
The adder bites you.
* * * LOW HITPOINT WARNING * * *
You are lethally poisoned!
The adder poisons you! The kobold misses you.
Unknown command.
You hit the adder.
The adder is almost dead.
* * * LOW HITPOINT WARNING * * *
You feel sick. The adder bites you but does no damage.
The adder closely misses you. The kobold closely misses you.
Unknown command.
You barely miss the adder.
The adder is almost dead.
You die...

#.#... ...
#.#.###...#
#..........
#.#<.....##
#.#..##....
#.#..# ###
#.#..#
#S#..#
#@#...
#K##.# #.#
.# ..r ...
..... .....
.......


You could see an adder, a kobold and a rat.

Vanquished Creatures
  2 dart slugs (D:1)
  5 ball pythons
  2 endoplasms (D:1)
  A giant cockroach (D:1)
  5 goblins (D:1)
  3 hobgoblins (D:1)
  A bat (D:1)
  A frilled lizard (D:1)
  4 rats
24 creatures vanquished.

Notes
Turn   | Place    | Note
-------+----------+-------------------------------------------
     0 | D:1      | ytrimaz the Demonspawn Necromancer began the quest for the
                  | Orb.
     0 | D:1      | Reached XP level 1. HP: 13/13 MP: 3/3
   365 | D:1      | Gained mutation: You have an unusually large brain. (Int
                  | +2) [demonic ancestry]
   365 | D:1      | Reached XP level 2. HP: 15/19 MP: 0/5
   942 | D:1      | Reached skill level 5 in Necromancy
  1336 | D:1      | Found a faded altar of an unknown god.
  1852 | D:1      | Reached XP level 3. HP: 23/24 MP: 4/6
  2076 | D:2      | HP: 1/24 [poisoned by an adder]
  2077 | D:2      | Succumbed to an adder's poison

Illustrated notes

Levels and vault maps discovered:
D:1:      lemuel_arrival_lava_pool, layout_basic, basic_ecumenical_altar,
          columned_hall_lemuel, hangedman_abyss_or_decor_lesser_grid,
          minmay_misc_feat_more_columns
D:2:      layout_loops_ring, basic_altar, nrook_mini_backslash, minmay_3d_cube

Skill      XL: |  1  2 |
---------------+-------+-----
Necromancy     | 5 |  5.2
Dodging        | |  1.7
Stealth        | |  1.7
Spellcasting   | |  2.3

Action                   || total
-------------------------++-------
Melee: Unarmed           ||     1
       Dagger            ||     3
 Cast: Pain              ||    52
  Use: Scroll            ||     2
Armor: Robe              ||     6
Dodge: Dodged            ||    19

Table legend: (Time is in decaauts)
 A = Elapsed time spent in this place.
 B = Non-inter-level travel time spent in this place.
 C = Inter-level travel time spent in this place.
 D = Time resting spent in this place.
 E = Time spent auto-exploring this place.
 F = Levels seen in this place.
 G = Mean time per level.
                   A        B        C        D        E       F      G
               +--------+--------+--------+--------+--------+-----+--------+
         Total |   2076 |   2072 |      4 |    536 |   1298 |   2 | 1038.0 |
       Dungeon |   2076 |   2072 |      4 |    536 |   1298 |   2 | 1038.0 |
               +--------+--------+--------+--------+--------+-----+--------+

Top non-repeatable levels by time:
     D:1: 2055 daAuts
     D:2: 20 daAuts
